 Dungeon Crawl Stone Soup version 0.31.0-32-g396128a36d (webtiles) character file.

Game seed: 16430457790770349062

165 Doomgape the Shield-Bearer (level 5, -7/53 HPs)
             Began as a Troll Fighter on Apr 5, 2024.
             Killed by divine providence
             ... invoked by an orc priest
              (13 damage)
             ... on level 3 of the Dungeon.
             The game lasted 00:03:31 (1653 turns).

Doomgape the Shield-Bearer (Troll Fighter)          Turns: 1653, Time: 00:03:31

Health: -7/53      AC:  4    Str: 26    XL:     5   Next: 22%
Magic:  4/4        EV:  9    Int:  4    God:
Gold:   152        SH:  9    Dex: 15    Spells: 4/4 levels left

rFire   . .          .
                       - Unarmed
rCold   . . .        b - +0 kite shield
rNeg    . . .        a - +0 robe
rPois   .            (helmet restricted)
rElec   .            (no cloak)
rCorr   .            (gloves unavailable)
SInv    .            (boots unavailable)
Will    +....        (no amulet)
Stlth   +            o - +6 ring of dexterity
HPRegen 1.08/turn    (no ring)
MPRegen 0.09/turn

%: no passive effects
@: attractive, enlightened, flying
A: large, unfitting armour, claws 3, regeneration 1, shaggy fur 1, tough skin 1
a: no special abilities


You were on level 3 of the Dungeon.
You visited 1 branch of the dungeon, and saw 3 of its levels.

You collected 152 gold pieces.

Inventory:

Missiles
 l - a throwing net (quivered)
Armour
 a - a +0 robe (worn)
 b - a +0 kite shield (worn)
Jewellery
 o - a +6 ring of dexterity (left claw)
Wands
 q - a wand of flame (17)
Scrolls
 d - 2 scrolls of poison {unknown}
 e - 5 scrolls of identify {unknown}
 f - a scroll of noise {unknown}
 i - a scroll of blinking {unknown}
 j - a scroll of teleportation {unknown}
 m - a scroll of brand weapon {unknown}
 n - a scroll of amnesia {unknown}
Potions
 c - 2 potions of might
 p - a potion of cancellation


   Skills:
 + Level 3.2 Fighting
 + Level 3.2 Dodging
 + Level 3.5 Shields
 + Level 3.2 Unarmed Combat


You had 4 spell levels left.
You didn't know any spells.
Your spell library contained the following spells:

 Spells                   Type           Power      Damage    Failure   Level
 Apportation              Tloc           0%         N/A       75%         1
 Necrotise                Necr           0%         1d4       75%         1
 Shock                    Conj/Air       0%         1d3       75%         1
 Sting                    Conj/Alch      0%         1d3       75%         1
 Summon Small Mammal      Summ           0%         N/A       75%         1
 Swiftness                Air            0%         N/A       98%         3
 Airstrike                Air            0%         2d(0-16)  100%        4


Dungeon Overview and Level Annotations

Branches:
Dungeon (3/15)

Altars:
Vehumet

Shops:
D:1 ?[=


Innate Abilities, Weirdness & Mutations

You are too large for most types of armour.
You have claws for hands.
Your natural rate of healing is unusually fast.
You are covered in fur. (AC +1)
You have tough skin. (AC +1)


Message History

You claw the orc wizard!
You kill the orc wizard!
You hear the rusting of a distant drain.
The orc priest hits you but does no damage.
Unknown command.
You claw the orc!
You kill the orc!
The orc priest casts a cantrip, but nothing happens.
Unknown command.
You block the orc priest's attack.
Unknown command.
You barely miss the orc priest.
The orc priest hits you with a +0 trident.
* * * LOW HITPOINT WARNING * * *
It was a potion of enlightenment.
You feel very buoyant.
You fly up into the air.
The orc priest hits you with a +0 trident.
* * * LOW HITPOINT WARNING * * *
It was a potion of curing.
You feel better.
The orc priest hits you with a +0 trident!
* * * LOW HITPOINT WARNING * * *
It was a potion of attraction.
You feel attractive to monsters. The orc priest barely misses you.
You barely miss the orc priest.
The orc priest hits you with a +0 trident.
* * * LOW HITPOINT WARNING * * *
You claw the orc priest!
The orc priest is severely wounded.
You block the orc priest's attack.
Unknown command.
You closely miss the orc priest.
The orc priest is severely wounded.
The orc priest miscasts a cantrip.
You scratch the orc priest but do no damage.
The orc priest is severely wounded.
The orc priest mumbles some strange prayers to Beogh against you.
Beogh smites you!
You die...

..................... ..
................##...
.........###.#.#.####...
##.####..###.#.#.# #...
..........##)# .
..........##.# #
.............#
.......)..#..#
......o@..#.....
...(......##.##.#
..........##.# # ###.
#.........##.# .....
##.#########.# #......
#. ..# #....... .
#....... #.......
#.......


You could see an orc priest.

Vanquished Creatures
  An orc wizard (D:3)
  3 gnolls
  5 adders
  2 ribbon worms (D:2)
  2 dart slugs
  2 orcs (D:3)
  4 endoplasms
  4 giant cockroaches
  4 goblins
  2 hobgoblins (D:3)
  2 quokkas (D:2)
  2 ball pythons
  4 bats
  4 frilled lizards
  4 kobolds
  3 rats
48 creatures vanquished.

Vanquished Creatures (others)
  An orc wizard (D:3)
1 creature vanquished.

Grand Total: 49 creatures vanquished

Notes
Turn   | Place    | Note
-------+----------+-------------------------------------------
     0 | D:1      | Doomgape the Troll Fighter began the quest for the Orb.
     0 | D:1      | Reached XP level 1. HP: 22/22 MP: 0/0
    14 | D:1      | Found Nyfous's Jewellery Boutique.
    31 | D:1      | Found Veymm's Magic Scroll Emporium.
   136 | D:1      | Found Vuotil's Armour Shoppe.
   328 | D:1      | Reached XP level 2. HP: 29/29 MP: 1/1
   918 | D:2      | Reached XP level 3. HP: 36/36 MP: 2/2
  1175 | D:2      | Found a faded altar of an unknown god.
  1406 | D:2      | Reached XP level 4. HP: 36/44 MP: 3/3
  1507 | D:3      | Found a radiant altar of Vehumet.
  1640 | D:3      | Reached XP level 5. HP: 19/53 MP: 4/4
  1653 | D:3      | Killed from afar by an orc priest

Illustrated notes

Levels and vault maps discovered:
D:1:      dpeg_arrival_houses_and_road, layout_basic, serial_shops, shop, shop,
          shop
D:2:      layout_loops_corners, chequers_ecumenical_altar_simple,
          minmay_distorted
D:3:      layout_rooms, vehumet_altar_wand_db, portal_sewer_entry_d,
          amcnicky_mini_corridor_feature, kennysheep_generic_room_14

Skill      XL: |  1  2  3  4 |
---------------+-------------+-----
Shields        | 3 |  3.5
Fighting       | 3 |  3.2
Dodging        | 3 |  3.2
Unarmed Combat | 3 |  3.2

Action                     |  1- 3 |  4- 6 || total
---------------------------+-------+-------++-------
  Melee: Unarmed           |    95 |    44 ||   139
    Use: Potion            |       |     4 ||     4
   Stab: Sleeping          |     1 |       ||     1
 Armour: Robe              |    58 |    28 ||    86
  Dodge: Dodged            |    33 |     8 ||    41
  Block: Kite shield       |    31 |    11 ||    42
